 Dungeon Crawl Stone Soup version 0.26-b1-32-g5d43845318 (webtiles) character file.

Game seed: 2973853060651839265

17856 MisterFreud the Bringer of Light (level 12, 0/114 HPs)
             Began as a Troll Fighter on Jan 12, 2021.
             Was the Champion of the Shining One.
             Slain by a reaper
             ... wielding a +1 scythe of flaming
              (4 damage)
             ... in a Gauntlet.
             The game lasted 00:16:48 (9601 turns).

MisterFreud the Bringer of Light (Troll Fighter)    Turns: 9601, Time: 00:16:48

Health: 0/114      AC: 13    Str: 29    XL:     12   Next: 22%
Magic:  18/18      EV: 12    Int:  8    God:    the Shining One [******]
Gold:   792        SH: 16    Dex:  9    Spells: 11/11 levels left

rFire    x . .     SeeInvis .     - Unarmed
rCold    . . .     Faith    .   b - +0 kite shield
rNeg     + + +     Spirit   .   K - +2 steam dragon scales
rPois    .         Reflect  +   (helmet restricted)
rElec    .         Harm     .   H - +1 cloak
rCorr    .         Rampage  .   (gloves unavailable)
Will     ++++.     NoTele   +   (boots unavailable)
Stlth    +.........             Q - amulet of Anidaom {Reflect rF- Will++ Int+2 SH+5 Stlth+}
HPRegen  0.69/turn              o - ring of willpower
MPRegen  0.16/turn              j - ring of willpower

@: glowing
A: large, unfitting armour, claws 3, regeneration 1, shaggy fur 1, tough skin 3
a: Renounce Religion, Divine Shield, Cleansing Flame, Summon Divine Warrior,
Brand Weapon With Holy Wrath


You were in a Gauntlet.
You worshipped the Shining One.
The Shining One was exalted by your worship.
You visited 2 branches of the dungeon, and saw 13 of its levels.
You also visited: Ossuary and Gauntlet.

You collected 987 gold pieces.
You spent 195 gold pieces at shops.

Inventory:

Hand Weapons
 P - the +5 dagger of Immorality {flame, +Blink MP+9 Stlth+, unknown}
   (You found it on level 2 of the Lair of Beasts)

   It has been specially enchanted to burn those struck by it, causing extra
   injury to most foes and up to half again as much damage against particularly
   susceptible opponents.
   It affects your magic capacity (+9).
   It lets you blink.
   It makes you more stealthy.
Missiles
 l - 12 boomerangs (quivered)
 D - 9 poisoned darts
 L - 4 large rocks
 M - 9 curare-tipped darts
Armour
 a - a +0 robe
 b - a +0 kite shield (worn)
 H - a +1 cloak (worn)
 K - +2 steam dragon scales (worn)
Jewellery
 g - an uncursed ring of resist corrosion
 j - a ring of willpower (right claw)
 o - a ring of willpower (left claw)
 F - an uncursed ring of positive energy
 Q - the amulet of Anidaom (around neck) {Reflect rF- Will++ Int+2 SH+5 Stlth+}
   (You found it in a Gauntlet)

   [amulet of reflection]

   It shields you and reflects attacks.
   It affects your intelligence (+2).
   It makes you vulnerable to fire.
   It affects your willpower, your defense against some magical effects.
   It affects your SH (+5).
   It makes you more stealthy.
Wands
 u - a wand of polymorph (28)
 w - a wand of acid (14)
 E - a wand of enslavement (10)
Scrolls
 e - 10 scrolls of identify {unknown}
 h - 10 scrolls of teleportation {unknown}
 n - 8 scrolls of remove curse {unknown}
 q - a scroll of noise {unknown}
 r - 4 scrolls of blinking {unknown}
 y - 5 scrolls of magic mapping {unknown}
 B - 2 scrolls of enchant armour {unknown}
 G - 2 scrolls of amnesia {unknown}
 J - a scroll of random uselessness {unknown}
 N - a scroll of fog {unknown}
 O - a scroll of fear {unknown}
Potions
 c - 3 potions of might
 d - 6 potions of curing {unknown}
 f - 3 potions of flight {unknown}
 i - 3 potions of lignification {unknown}
 k - 2 potions of heal wounds {unknown}
 m - 4 potions of attraction {unknown}
 p - 2 potions of cancellation {unknown}
 s - a potion of brilliance {unknown}
 t - a potion of berserk rage {unknown}
 v - 7 potions of haste {unknown}
 x - 2 potions of magic {unknown}
 z - a potion of ambrosia {unknown}
 A - 2 potions of mutation {unknown}
 C - a potion of invisibility {unknown}
Miscellaneous
 I - a tin of tremorstones (2/2)


   Skills:
 - Level 6.0 Fighting
 - Level 4.0 Throwing
 - Level 6.0 Dodging
 - Level 9.0 Shields
 + Level 8.9 Unarmed Combat
 + Level 10.1 Invocations
 * Level 2.3 Evocations


You had 11 spell levels left.
You didn't know any spells.
Your spell library contained the following spells:

 Spells                   Type           Power        Failure   Level
 Magic Dart               Conj           0%           41%         1
 Sandblast                Erth           0%           41%         1
 Shock                    Conj/Air       0%           41%         1
 Passwall                 Tmut/Erth      0%           54%         2
 Searing Ray              Conj           0%           54%         2
 Swiftness                Air            0%           54%         2
 Dazzling Flash           Conj/Hex       0%           78%         3
 Static Discharge         Conj/Air       0%           78%         3
 Stone Arrow              Conj/Erth      0%           78%         3
 Airstrike                Air            0%           99%         4
 Fulminant Prism          Conj/Hex       0%           99%         4
 Iskenderun's Mystic Bla  Conj/Tloc      0%           99%         4
 Petrify                  Tmut/Erth      0%           99%         4
 Lee's Rapid Deconstruct  Erth           0%           100%        5
 Lightning Bolt           Conj/Air       0%           100%        5


Dungeon Overview and Level Annotations

Branches:
Dungeon (11/15)            Temple (0/1) D:6            Lair (2/6) D:11
    Orc (0/2) D:10        Ossuary (visited)         Gauntlet (1/1)
  Swamp: Lair:2-4    Shoals: Lair:2-4     Snake: Lair:2-4    Spider: Lair:2-4

Altars:
Ashenzari
Dithmenos
Elyvilon
Fedhas
Gozag
Hepliaklqana
Kikubaaqudgha
Makhleb
Nemelex Xobeh
Okawaru
Qazlal
Sif Muna
Trog
Yredelemnul
The Shining One

Shops:
D:4 :   D:8 [   D:10 [

Annotations:
D:5 1 runed translucent door, emiel's ghost, novice NaTm
D:9 2 transporters, Trampli's ghost, novice TrWz
D:10 3 runed translucent doors, Arthanis's ghost, novice DEFE
Lair:1 2 transporters, avis's ghost, journeyman VSTm Gauntlet 6 transporters, 4 runed translucent doors, exclusion: oklob plant


Innate Abilities, Weirdness & Mutations

You are too large for most types of armour.
You have claws for hands.
Your natural rate of healing is unusually fast.
You are covered in fur. (AC +1)
You have extremely tough skin. (AC +3)


Message History

There is a transporter here.
There is a transporter here.
There is a transporter here.
The death yak bellows! x2; You hear a bellow!
There is a transporter here.
There is a transporter here.
You enter the transporter and appear at another place.
The reaper hits you from afar with a +1 scythe of flaming!!!
The reaper burns you.
Found a phantom mirror, a runed long sword and a scorched helmet.
Found a transporter.
The reaper hits you from afar with a +1 scythe of flaming!!
The reaper burns you!
You are too injured to fight recklessly!
You are too injured to fight recklessly!
You are too injured to fight recklessly!
The reaper hits you from afar with a +1 scythe of flaming!!
* * * LOW HITPOINT WARNING * * *
The reaper burns you.
You die...

####≈#≈#≈#≈#≈###
..............≈#
..............##
##.#########..≈#
.#.#.[}©.).#..##
.#..#.#?"#.#...8...#..≈#
.#..+++###.#8.8^8.8#..##
.#..#....#.##84©@8##..≈#
.#..#.##.#.#8.8^8.8#..##
.#.J#.##J#.#.528...#..≈#
.#.J#©...#.#..8#8..#..##
####################..§#
.....©.........©.#...###
.....©...........#...≈#
##################..###
#....©....#.........≈#


You could see a reaper, a hellwing and a shadow imp.

Vanquished Creatures
  Erica (D:8)
  Sonja (D:10)
  A soul eater (Gauntlet)
  An unseen horror (D:10)
  2 ugly things (D:11)
  A cyclops (D:11)
  Maurice (D:10)
  Joseph (D:10)
  Maggie (D:8)
  A gargoyle (D:10)
  A cane toad (Lair:1)
  A komodo dragon (D:11)
  2 trolls
  Prince Ribbit (D:6)
  A hornet (D:10)
  3 water elementals (D:11)
  2 wyverns (D:11)
  Sigmund (D:2)
  A yak (shapeshifter) (Gauntlet)
  A wraith (D:11)
  10 yaks (D:9)
  A tarantella (shapeshifter) (Gauntlet)
  A steam dragon (D:8)
  A warg (D:10)
  A warg (shapeshifter) (Gauntlet)
  A soldier ant (D:10)
  3 black bears
  10 orc warriors
  9 sky beasts
  3 necrophages
  4 ice beasts
  A phantom (D:11)
  7 ogres
  2 centaurs
  3 wolves (D:11)
  3 elf zombies (Ossuary)
  A big kobold (D:9)
  2 bullfrogs (D:7)
  A water moccasin zombie (D:10)
  A scorpion (D:7)
  14 wights
  15 killer bees
  7 howler monkeys
  7 centaur zombies
  A bullfrog zombie (D:6)
  4 human zombies (Ossuary)
  A jelly (D:11)
  A quasit (D:11)
  4 orc priests
  8 hounds
  3 bullfrog skeletons
  Jessica (D:3)
  8 iguanas
  Ijyb (D:4)
  11 worker ants
  19 orc wizards
  Terence (D:3)
  A killer bee zombie (D:6)
  A hound zombie (D:8)
  3 hound skeletons
  3 mummies (Ossuary)
  A howler monkey zombie (D:7)
  A worker ant zombie (D:5)
  6 gnolls
  A howler monkey skeleton (D:4)
  6 adders
  6 shadow imps
  4 white imps
  2 ufetubi
  2 oozes
  6 adder zombies
  3 worms
  5 dart slugs
  8 leopard geckos
  34 orcs
  A ball python (D:2)
  3 giant cockroaches
  4 goblins (D:3)
  10 hobgoblins
  12 jackals
  6 quokkas
  8 bats
  2 frilled lizards
  A jackal zombie (D:8)
  10 kobolds
  A leopard gecko skeleton (D:4)
  A quokka skeleton (D:6)
  5 rats
353 creatures vanquished.

Vanquished Creatures (collateral kills)
  A boulder beetle (D:11)
  A wolf (D:11)
  A wight (D:11)
  A bullfrog skeleton (D:11)
  An orc wizard (D:11)
  An orc (D:11)
6 creatures vanquished.

Vanquished Creatures (others)
  22 withered plants
22 creatures vanquished.

Grand Total: 381 creatures vanquished

Notes
Turn   | Place    | Note
-------+----------+-------------------------------------------
     0 | D:1      | MisterFreud the Troll Fighter began the quest for the Orb.
     0 | D:1      | Reached XP level 1. HP: 22/22 MP: 0/0
   179 | D:1      | Reached XP level 2. HP: 29/29 MP: 1/1
   820 | D:2      | Reached XP level 3. HP: 36/36 MP: 2/2
   832 | D:2      | You fall into a shaft and drop 1 floor!
   936 | D:2      | Found a faded altar of an unknown god.
   939 | D:2      | Became a worshipper of the Shining One
   939 | D:2      | Reached * piety under the Shining One
   958 | D:2      | Found a shimmering blue altar of Sif Muna.
  1104 | D:2      | Noticed Sigmund
  1109 | D:2      | Killed Sigmund
  1110 | D:2      | Reached skill level 5 in Unarmed Combat
  1110 | D:2      | Reached XP level 4. HP: 38/44 MP: 3/3
  1110 | D:2      | Reached XP level 5. HP: 44/50 MP: 4/4
  1200 | D:2      | Found a stormy altar of Qazlal.
  1216 | D:2      | Reached XP level 6. HP: 50/59 MP: 5/5
  1414 | D:2      | Found a glowing golden altar of the Shining One.
  1423 | D:2      | Found a white marble altar of Elyvilon.
  1597 | D:3      | Noticed Terence
  1600 | D:3      | Killed Terence
  2071 | D:3      | Noticed Jessica
  2078 | D:3      | Killed Jessica
  2173 | D:4      | Reached XP level 7. HP: 66/66 MP: 6/6
  2221 | D:4      | Reached ** piety under the Shining One
  2277 | D:4      | Reached skill level 1 in Throwing
  2288 | D:4      | Found a sand-covered staircase.
  2333 | Ossuary  | Entered an ossuary
  2412 | Ossuary  | Reached XP level 8. HP: 75/75 MP: 7/7
  2487 | Ossuary  | Reached *** piety under the Shining One
  2605 | D:4      | Found Ziras's Book Boutique.
  2609 | D:4      | Noticed Ijyb
  2630 | D:4      | Killed Ijyb
  2836 | D:4      | Found a hazy altar of Hepliaklqana.
  2935 | D:4      | Found a glowing golden altar of the Shining One.
  3042 | D:5      | Entered Level 5 of the Dungeon
  3121 | D:5      | Found a bloodstained altar of Trog.
  3203 | D:5      | Found an iron altar of Okawaru.
  3723 | D:5      | Found a runed translucent door.
  3724 | D:5      | Noticed emiel's ghost (novice NaTm)
  3931 | D:6      | Found a broken altar of Ashenzari.
  4085 | D:6      | Reached skill level 5 in Shields
  4110 | D:6      | Found a staircase to the Ecumenical Temple.
  4116 | D:6      | Noticed Prince Ribbit
  4128 | D:6      | Killed Prince Ribbit
  4129 | D:6      | Reached skill level 5 in Fighting
  4129 | D:6      | Reached XP level 9. HP: 36/88 MP: 8/8
  4247 | D:6      | Found a shadowy altar of Dithmenos.
  4347 | D:6      | Reached **** piety under the Shining One
  4411 | D:6      | Found a basalt altar of Yredelemnul.
  5345 | D:7      | Found a burning altar of Makhleb.
  5518 | D:8      | Noticed Erica
  5518 | D:8      | Reached ***** piety under the Shining One
  5547 | D:8      | Killed Erica
  5548 | D:8      | Reached XP level 10. HP: 10/98 MP: 9/9
  5813 | D:8      | Found Vouxt's Antique Armour Shop.
  5821 | D:8      | Bought a runed cloak for 195 gold pieces
  6004 | D:9      | Found a sparkling altar of Nemelex Xobeh.
  6048 | D:9      | Reached skill level 1 in Invocations
  6070 | D:9      | Reached skill level 2 in Invocations
  6188 | D:9      | Reached skill level 3 in Invocations
  6468 | D:9      | Reached skill level 4 in Invocations
  6493 | D:9      | Reached skill level 5 in Dodging
  6624 | D:9      | Found an ancient bone altar of Kikubaaqudgha.
  6634 | D:9      | Noticed a fire giant
  6635 | D:9      | Noticed Trampli's ghost (novice TrWz)
  6636 | D:9      | Found a transporter.
  6727 | D:9      | Found a transporter.
  6849 | D:9      | Found a blossoming altar of Fedhas.
  6849 | D:9      | Found an opulent altar of Gozag.
  7032 | D:8      | Noticed Maggie
  7059 | D:8      | Killed Maggie
  7060 | D:8      | Reached skill level 5 in Invocations
  7060 | D:8      | Reached XP level 11. HP: 97/105 MP: 13/13
  7458 | D:10     | Entered Level 10 of the Dungeon
  7507 | D:10     | Noticed an unseen horror
  7516 | D:10     | Killed an unseen horror
  7576 | D:10     | Noticed Maurice
  7598 | D:10     | Killed Maurice
  7599 | D:10     | Reached skill level 6 in Invocations
  7630 | D:10     | Found Peitrehi's Armour Shop.
  7648 | D:10     | Noticed Sonja
  7662 | D:10     | Killed Sonja
  7756 | D:10     | Found a white marble altar of Elyvilon.
  7758 | D:10     | Noticed Joseph
  7769 | D:10     | Killed Joseph
  7770 | D:10     | Reached skill level 7 in Invocations
  7978 | D:10     | Found a runed translucent gate.
  7978 | D:10     | Found a runed translucent gate.
  7978 | D:10     | Found a runed translucent gate.
  7978 | D:10     | Noticed Arthanis's ghost (novice DEFE)
  8266 | D:10     | Found a staircase to the Orcish Mines.
  8538 | D:11     | Reached skill level 8 in Invocations
  8589 | D:11     | Reached ****** piety under the Shining One
  8615 | D:11     | Noticed a boulder beetle
  8638 | D:11     | Killed a boulder beetle
  8639 | D:11     | Reached skill level 9 in Invocations
  8710 | D:11     | Noticed a purple ugly thing
  8711 | D:11     | Noticed a red ugly thing
  8720 | D:11     | Killed a purple ugly thing
  8732 | D:11     | Killed a red ugly thing
  8824 | D:11     | Noticed a two-headed ogre
  8901 | D:11     | Reached skill level 10 in Invocations
  8937 | D:11     | Found a staircase to the Lair.
  8957 | D:11     | Reached XP level 12. HP: 114/114 MP: 18/18
  9191 | D:11     | Reached skill level 1 in Evocations
  9291 | Lair:1   | Entered Level 1 of the Lair of Beasts
  9291 | Lair:1   | Found a transporter.
  9299 | Lair:1   | Found a transporter.
  9323 | Lair:1   | Noticed avis's ghost (journeyman VSTm)
  9381 | Lair:2   | Got a scorched dagger
  9383 | Lair:2   | Found a gate leading to a gauntlet.
  9394 | Gauntlet | Entered a Gauntlet
  9394 | Gauntlet | Found a transporter.
  9394 | Gauntlet | Found a transporter.
  9406 | Gauntlet | Found a transporter.
  9406 | Gauntlet | Found a transporter.
  9409 | Gauntlet | Found a transporter.
  9453 | Gauntlet | Got a fine diamond amulet
  9461 | Gauntlet | Identified the amulet of Anidaom {Reflect rF- Will++ Int+2
                  | SH+5 Stlth+} (You found it in a Gauntlet)
  9475 | Gauntlet | Found a transporter.
  9479 | Gauntlet | Found a runed translucent door.
  9490 | Gauntlet | Found a transporter.
  9490 | Gauntlet | Found a transporter.
  9517 | Gauntlet | Noticed a death ooze
  9526 | Gauntlet | Found a runed translucent gate.
  9526 | Gauntlet | Found a runed translucent gate.
  9526 | Gauntlet | Found a runed translucent gate.
  9530 | Gauntlet | Found the amulet of the Air {Inacc +Fly rElec EV+5 RMsl}
  9530 | Gauntlet | Found a transporter.
  9537 | Gauntlet | Noticed a death yak
  9538 | Gauntlet | Noticed a death yak
  9538 | Gauntlet | Noticed a death yak
  9538 | Gauntlet | Noticed a death yak
  9552 | Gauntlet | Found a transporter.
  9553 | Gauntlet | Noticed a reaper
  9576 | Gauntlet | Noticed a death yak
  9577 | Gauntlet | Noticed a death yak
  9598 | Gauntlet | Found a transporter.
  9601 | Gauntlet | HP: 4/114 [reaper/+1 scythe of flaming (33)]
  9601 | Gauntlet | Slain by a reaper

Illustrated notes

Levels and vault maps discovered:
D:1:      psy_arrival_wood_between_worlds, layout_loops_corners, st_stairs_14
D:2:      layout_loops_ring, lemuel_crystal_altar, led_sif_pool, minitemple,
          chequers_ecumenical_altar_twisty, uniq_sigmund
D:3:      layout_basic, uniq_terence, uniq_jessica
D:4:      layout_rooms, nzn_hepliaklqana_mist_gate,
          nicolae_ossuary_entry_false_entrances, serial_shops,
          nicolae_shop_waterfront, pf_just_have_faith, uniq_ijyb
D:5:      layout_basic, lightli_temple_of_fire, okawaru_ov_weapons_minmay,
          gammafunk_ghost_grave, sigmund_army
D:6:      cheibrodos_quashed, layout_basic, kennysheep_little_box,
          minmay_temple_entry_glass, basic_altar, amcnicky_altar_gilded,
          uniq_prince_ribbit1
D:7:      layout_loops_ring, makhleb_blood_cavern_becter
D:8:      layout_loops_ring, serial_shops, shop,
          hangedman_abyss_or_decor_stagger, uniq_maggie, uniq_erica
D:9:      layout_cave_pods, nemelex_xobeh_ov_fountains_minmay,
          gammafunk_temple_overflow_wave, basic_altar, gammafunk_ghost_arena
D:10:     layout_gridville, david_orc_1_choice, gammafunk_ghost_nasty_kobolds,
          basic_altar, serial_shops, nicolae_shop_behind_doors, uniq_maurice,
          uniq_joseph, uniq_sonja
D:11:     layout_basic, erik_lair_island
Lair:1:   beast_lair_carwin_large_4, layout_small_grid,
          gammafunk_ghost_berserking_beasts, grunt_forest_small_clearings
Lair:2:   layout_chaotic_city, skrybe_swamp_entry_bodies,
          spider_nest_entry_web_field, gauntlet_entry_generic,
          minmay_lair_oklob_chamber
Gauntlet: gammafunk_gauntlet_mixed_choke_point
          [minmay_gauntlet_arena_77_double_cross,
          minmay_gauntlet_arena_77_broken_ladder, minmay_gauntlet_arena_77_path,
          gammafunk_gauntlet_arena_hedges, minmay_gauntlet_arena_77_two_lines,
          minmay_gauntlet_arena_77_run_for_it,
          minmay_gauntlet_arena_77_terracotta_army,
          nicolae_gauntlet_exit_dead_adventurers]

Skill      XL: |  1  2  3  4  5  6  7  8  9 10 11 12 |
---------------+-------------------------------------+-----
Unarmed Combat | 3 5 6 7 8 |  8.9
Throwing       | 2 4 |  4.0
Shields        | 3 5 8 9 |  9.0
Fighting       | 3 5 6 |  6.0
Invocations    | 5 10 | 10.1
Dodging        | 5 6 |  6.0
Evocations     | 2 |  2.3

Action                   |  1- 3 |  4- 6 |  7- 9 | 10-12 || total
-------------------------+-------+-------+-------+-------++-------
Melee: Unarmed           |    85 |    70 |   367 |   564 ||  1086
Throw: Boomerang         |       |       |       |     5 ||     5
Invok: Summon Divine War |       |       |       |     1 ||     1
Evoke: Wand              |       |       |     1 |     2 ||     3
 Stab: Sleeping          |     1 |       |       |       ||     1
Armor: Robe              |    24 |    16 |    52 |    32 ||   124
       Steam dragon scal |       |       |       |    66 ||    66
Dodge: Dodged            |    32 |    14 |    85 |   182 ||   313
Block: Kite shield       |    36 |    19 |   127 |   283 ||   465
